 Dungeon Crawl Stone Soup version 0.27.0-1-g7a089689b8 (webtiles) character file.

Game seed: 4213866323466821247

69 mainiacjoe the Ruffian (level 3, -2/27 HPs)
             Began as a Demigod Transmuter on Aug 16, 2021.
             Slain by a water moccasin (5 damage)
             ... on level 2 of the Dungeon on Aug 17, 2021.
             The game lasted 00:07:26 (2916 turns).

mainiacjoe the Ruffian (Demigod Transmuter)         Turns: 2916, Time: 00:07:27

Health: -2/27      AC:  6    Str: 15    XL:     3   Next: 75%
Magic:  7/8        EV:  9    Int: 15    God:
Gold:   107        SH:  0    Dex: 14    Spells: 2/5 levels left

rFire    . . .     SeeInvis .     - Unarmed
rCold    . . .     Faith    .   (no shield)
rNeg     . . .     Spirit   .   l - +0 scale mail
rPois    .         Reflect  .   (helmet currently unavailable)
rElec    .         Harm     .   (no cloak)
rCorr    .         Rampage  .   (no gloves)
Will     .....                  (boots currently unavailable)
Stlth    ..........             (no amulet)
HPRegen  0.09/turn              (no ring)
MPRegen  0.11/turn              (no ring)

@: brilliant, lethally poisoned (-2 -> -8), appendages, invisible
A: horns 2, talons 2, high mp 1, forlorn
a: End Transformation


You were on level 2 of the Dungeon.
You had temporarily grown beastly horns and talons.
You visited 1 branch of the dungeon, and saw 3 of its levels.

You collected 107 gold pieces.

Inventory:

Hand Weapons
 b - a +0 hunting sling
Missiles
 e - 14 arrows
 r - 13 sling bullets
 s - 17 bolts
Armour
 a - a +0 robe
 d - a +0 chain mail
 g - a +0 ring mail
 l - a +0 scale mail (worn)
Scrolls
 f - a scroll of fear {unknown}
 i - a scroll of vulnerability {unknown}
 k - a scroll of magic mapping {unknown}
 p - a scroll of teleportation {unknown}
 t - a scroll of identify {unknown}
Potions
 j - a potion of lignification {unknown}
 m - a potion of resistance {unknown}
 n - a potion of brilliance
 o - a potion of attraction {unknown}
 q - a potion of curing {unknown}


   Skills:
 - Level 0.8 Fighting
 - Level 1.7 Dodging
 + Level 4.5 Unarmed Combat
 - Level 1.7 Spellcasting
 - Level 1.7 Transmutations


You had 2 spell levels left.
You knew the following spells:

 Your Spells              Type           Power      Damage    Failure   Level
a - Beastly Appendage     Tmut           18%        N/A       43%         1
b - Wereblood             Tmut           9%         N/A       56%         2

Your spell library contained the following spells:

 Spells                   Type           Power      Damage    Failure   Level
 Spider Form              Tmut/Pois      2%         N/A       90%         3
 Airstrike                Air            0%         N/A       100%        4
 Ice Form                 Ice/Tmut       5%         N/A       100%        4
 Summon Lightning Spire   Summ/Air       1%         N/A       100%        4
 Lightning Bolt           Conj/Air       0%         1d11      100%        5


Dungeon Overview and Level Annotations

Branches:
Dungeon (3/15)


Innate Abilities, Weirdness & Mutations

You have temporarily grown beastly horns and talons.
Your attributes grow dramatically as you level up.
You have an increased reservoir of magic. (+10% MP)
You shall have no god before yourself.


Message History

There is a stone staircase leading down here.
Saving game... please wait.
Welcome back, mainiacjoe the Demigod Transmuter.
Press ? for a list of commands and other information.
HP restored.
Done exploring.
(D) Dungeon
Where to? (? - help)
You climb downwards.
The adder bites you but does no damage. The water moccasin bites you.
The adder bites you but does no damage. The water moccasin bites you.
There is a stone staircase leading up, spattered with blood here.
The adder bites you but does no damage. The water moccasin bites you.
The adder bites you but does no damage.
You climb upwards.
There is a stone staircase leading down here.
Unknown command.
Cast which spell? (? or * to list)
You grow a pair of large bovine horns.
Your feet morph into talons.
The water moccasin barely misses you. The adder bites you.
The water moccasin closely misses you.
Unknown command.
It was a potion of brilliance.
You feel clever all of a sudden. The adder closely misses you.
The water moccasin bites you.
You are lethally poisoned!
The water moccasin poisons you!
You are now empty-handed.
You feel sick. The adder completely misses you.
You closely miss the water moccasin. You headbutt the water moccasin.
The water moccasin is lightly wounded.
* * * LOW HITPOINT WARNING * * *
You feel very sick. The water moccasin closely misses you.
The adder bites you but does no damage. The water moccasin bites you.
* * * LOW HITPOINT WARNING * * *
It was a potion of invisibility.
You fade into invisibility!
* * * LOW HITPOINT WARNING * * *
You feel sick. The adder closely misses you. The water moccasin bites you.
You die...

#.##.#.#)####### #.##........# #
#......#.##.# ## ###...##.##.###.
###########.....#....##.8
########........#........####.8.
#.......†#####............##.8.#
#...[....# #S..........##.8.##
#..._....# #.@S.......##.8.##.
#.......## ####......##.8.##.8
#...)...# #.....##.8.##.8.
#.......#########.#...###.8.##.8
####.##...............#.##.8.##.
#.##........##.......###.8.##
###÷##........##.......#.##.8.#
#...##....................##.8.
###.####........#........#...##.8


You could see a water moccasin and an adder.

Vanquished Creatures
  2 adders (D:2)
  2 dart slugs
  2 worms (D:2)
  3 ball pythons
  2 bats
  3 endoplasms
  5 giant cockroaches
  2 goblins (D:1)
  5 hobgoblins
  4 jackals (D:1)
  3 kobolds
  A quokka (D:2)
  A frilled lizard (D:2)
  3 rats
38 creatures vanquished.

Notes
Turn   | Place    | Note
-------+----------+-------------------------------------------
     0 | D:1      | mainiacjoe the Demigod Transmuter began the quest for the
                  | Orb.
     0 | D:1      | Reached XP level 1. HP: 15/15 MP: 5/5
   255 | D:1      | Reached skill level 3 in Unarmed Combat
   507 | D:1      | Reached XP level 2. HP: 3/22 MP: 4/7
   877 | D:1      | Learned a level 2 spell: Wereblood
  1777 | D:2      | Reached skill level 4 in Unarmed Combat
  1777 | D:2      | Reached XP level 3. HP: 6/27 MP: 6/8
  2883 | D:3      | Noticed a water moccasin
  2916 | D:2      | Slain by a water moccasin

Illustrated notes

Levels and vault maps discovered:
D:1:      dpeg_arrival_long_road, layout_basic,
          chequers_ecumenical_altar_twisty, corexii_corridor_pit,
          corexii_item_surrounded_by_moat, minmay_tetromino_t4
D:2:      minmay_inner_zag, layout_loops_cross, basic_altar, chequers_jeans
D:3:      layout_rooms, chequers_arboretum

Skill      XL: |  1  2 |
---------------+-------+-----
Unarmed Combat | 3 4 |  4.5
Fighting       | |  0.8
Dodging        | |  1.7
Spellcasting   | |  1.7
Transmutations | |  1.7

Action                   || total
-------------------------++-------
Melee: Unarmed           ||    95
       Kick              ||     9
       Headbutt          ||     6
       Punch             ||     1
 Fire: Hunting sling     ||    63
 Cast: Beastly Appendage ||    20
  Use: Potion            ||     2
       Scroll            ||     1
Armor: Robe              ||    11
       Scale mail        ||    27
       Ring mail         ||     1
Dodge: Dodged            ||    69
